 Dungeon Crawl Stone Soup version 0.25.1-8-g42b30a86e7 (webtiles) character file.

Game seed: 323761629015010044

124667 KamiKatze the Basher (level 17, -1/115 HPs)
             Began as a Halfling Berserker on Dec 3, 2020.
             Was a High Priest of Trog.
             Blown up by an orb spider (52 damage)
             ... with an orb of destruction
             ... on level 3 of the Spider Nest on Dec 4, 2020.
             The game lasted 03:13:33 (37004 turns).

KamiKatze the Basher (Halfling Berserker)          Turns: 37004, Time: 03:13:34

Health: -1/115     AC: 26    Str: 23    XL:     17   Next: 48%
Magic:  18/18      EV: 18    Int:  5    God:    Trog [*****.]
Gold:   3079       SH: 16    Dex: 22    Spells: 16/16 levels left

rFire    . . .     SeeInvis +   a - +1 scimitar (drain)
rCold    + . .     Gourm    .   G - +2 buckler {rC+}
rNeg     + . .     Faith    .   y - +2 plate armour {MR+}
rPois    .         Spirit   .   F - +2 helmet {SInv}
rElec    +         Reflect  +   D - +0 cloak
rCorr    .         Harm     .   k - +0 pair of gloves
MR       ++...                  V - +1 pair of boots
Stlth    ..........             p - amulet of reflection
HPRegen  0.29/turn              b - ring "Vauf" {+Fly rElec rN+ SInv Stlth+}
MPRegen  0.16/turn              O - +6 ring of dexterity

@: no status effects
A: small, mutation resistance 1
a: Berserk, Trog's Hand, Brothers in Arms, Renounce Religion, Evoke Flight


You were on level 3 of the Spider Nest.
You worshipped Trog.
Trog was extremely pleased with you.
You were not hungry.

You visited 5 branches of the dungeon, and saw 27 of its levels.

You collected 3511 gold pieces.
You spent 432 gold pieces at shops.

Inventory:

Hand Weapons
 a - a +1 scimitar of draining (weapon)
 q - a +5 eveningstar of flaming
 w - a +0 scimitar of flaming
Missiles
 d - 833 stones
 n - 35 boomerangs
 x - 5 throwing nets
 L - 18 sling bullets
 W - 35 poisoned darts (quivered)
Armour
 k - a +0 pair of gloves (worn)
 y - a +2 plate armour of magic resistance (worn)
 D - a +0 cloak (worn)
 F - a +2 helmet of see invisible (worn)
 G - a +2 buckler of cold resistance (worn)
 V - a +1 pair of boots (worn)
Jewellery
 b - the ring "Vauf" (left hand) {+Fly rElec rN+ SInv Stlth+}
   (You found it on level 6 of the Lair of Beasts)

   [ring of stealth]

   It insulates you from electricity.
   It protects you from negative energy.
   It lets you see invisible.
   It lets you fly.
   It makes you more stealthy.
 f - an uncursed ring of positive energy
 p - an amulet of reflection (around neck)
 u - an uncursed ring of resist corrosion
 E - a +6 ring of dexterity
 O - a +6 ring of dexterity (right hand)
 Q - the ring of Modesty {Ice Dex+4}
   (You bought it in a shop on level 9 of the Dungeon)

   [ring of ice]

   It enhances your ice magic.
   It affects your dexterity (+4).
   It makes you vulnerable to fire.
   It protects you from cold.
Wands
 g - a wand of clouds (7)
 i - a wand of digging (6)
 l - a wand of iceblast (24)
 t - a wand of disintegration (23)
 B - a wand of polymorph (43)
 N - a wand of flame (8)
 P - a wand of paralysis (15)
 S - a wand of enslavement (5)
Scrolls
 h - 12 scrolls of remove curse
 m - 19 scrolls of identify
 o - 18 scrolls of teleportation
 s - 2 scrolls of immolation
 I - 2 scrolls of holy word
 R - 3 scrolls of fog
 T - 3 scrolls of blinking
 U - 3 scrolls of summoning
 Y - 2 scrolls of magic mapping
Potions
 e - 2 potions of might
 j - 6 potions of lignification
 r - 6 potions of resistance
 v - 5 potions of heal wounds
 A - 4 potions of flight
 C - 6 potions of stabbing
 H - 2 potions of invisibility
 J - 2 potions of cancellation
 X - 10 potions of curing
 Z - 2 potions of haste
Miscellaneous
 z - a phial of floods
 K - a tin of tremorstones (3/3)
Comestibles
 c - 40 rations
 M - 2 chunks of flesh


   Skills:
 + Level 10.0 Fighting
   Level 8.7(13.3) Short Blades
 + Level 13.6(14.2) Long Blades
 * Level 13.9 Maces & Flails
 + Level 11.5 Armour
 + Level 11.3 Dodging
 - Level 4.0 Stealth
 + Level 11.5 Shields
 - Level 0.1 Spellcasting
 - Level 2.0 Evocations


You had 16 spell levels left.
You didn't know any spells.
Your spell library was empty.

Dungeon Overview and Level Annotations

Branches:
Dungeon (15/15)            Temple (1/1) D:5            Lair (6/6) D:8
 Shoals (0/4) Lair:4       Spider (3/4) Lair:2        Slime (0/5) Lair:6
    Orc (2/2) D:11            Elf (0/3) Orc:2        Vaults (0/5) D:13
 Depths (0/5) D:15

Altars:
Ashenzari
Cheibriados
Dithmenos
Elyvilon
Fedhas
Gozag
Hepliaklqana
Kikubaaqudgha
Makhleb
Nemelex Xobeh
Okawaru
Qazlal
Ru
Sif Muna
Trog
Uskayaw
Vehumet
Wu Jian
Xom
Yredelemnul
Zin
The Shining One
Beogh

Shops:
D:9 *   Orc:1 }   Orc:2 *%=(

Annotations:
D:6 wand of digging!, Menkaure
D:7 2 transporters, peeb's ghost, novice GnTm
D:13 1 runed translucent door, Yqoodd's ghost, journeyman GnWr
Lair:1 3 runed translucent doors, DerDa's ghost, journeyman DEWz
Lair:2 1 runed translucent door, Gabide's ghost, journeyman FeBe
Lair:5 2 runed translucent doors, Debrof's ghost, journeyman MiBe
Lair:6 exclusion: 4 oklob plants


Innate Abilities, Weirdness & Mutations

You are small and have problems with some larger weapons.
You are somewhat resistant to further mutation.


Message History

You feel very sick. The redback completely misses you.
You riposte.
You hit the redback.
The redback is severely wounded.
You feel very sick. The redback bites you!
The orb spider spins a strand of pure energy.
You hit the redback.
The redback is almost dead.
* * * LOW HITPOINT WARNING * * *
You feel very sick. You block the redback's attack. The redback bites you.
* * * LOW HITPOINT WARNING * * *
You are more poisoned.
The redback poisons you!
You feel better. You block the redback's attack.
The orb spider weaves a glowing orb of energy.
An orb of destruction comes into view.
The redback barely misses you. The redback closely misses you.
The orb of destruction hits you!!!
You die...

###..##.####
###....#^....#
#.##.........#
#^..........##
#.........#..#
#............#
#^....#...####
##..........######
##..@○s.>...^...#
#####.s........#
#..##.....^..##
####...#.....####
#..#...#......^.#
##...#^.....#....#
.#....#...(.##...## .
^......s..........# ...
##...#..)#.^......####..


You could see an orb spider and a redback (drained).

Vanquished Creatures
  Nikola (Spider:1)
  Kirke (Spider:2)
  2 orc warlords (D:11)
  An emperor scorpion (Spider:1)
  3 entropy weavers
  Nessos (D:14)
  Fannar (Lair:3)
  Harold (Lair:1)
  A merfolk avatar (Lair:6)
  5 hydras
  A catoblepas (Lair:4)
  4 ogre magi (Orc:2)
  A queen ant (Lair:4)
  2 centaur warriors
  3 tengu warriors
  13 two-headed ogres
  Urug (Lair:3)
  Nergalle (D:11)
  Sonja (Orc:2)
  A sea snake (Lair:6)
  A wizard (D:13)
  5 deep elf magi
  3 cyclopes
  8 orb spiders
  11 ugly things
  3 orc sorcerers
  9 wolf spiders
  4 manticores
  An oklob plant (Lair:5)
  A moth of wrath (Spider:3)
  11 elephants
  A black mamba (Lair:2)
  A merfolk siren (Lair:4)
  2 gargoyles
  17 spiny frogs
  2 torpor snails
  8 komodo dragons
  10 demonic crawlers
  An efreet (D:14)
  5 rime drakes
  3 merfolk (Lair:4)
  2 tengu conjurers (D:15)
  3 meliai (D:15)
  6 polar bears (Lair:6)
  10 trolls
  12 jumping spiders
  4 hornets
  A dream sheep (Lair:6)
  A wind drake (Lair:6)
  24 blink frogs
  10 hippogriffs
  3 slime creatures (D:15)
  2 hogs (Spider:2)
  5 wraiths (Lair:4)
  19 redbacks
  2 water elementals (D:12)
  2 shadows
  A vampire (D:14)
  4 wyverns
  39 yaks
  17 tarantellas
  A steam dragon (D:7)
  6 basilisks
  Eustachio (D:6)
  3 vampire mosquitoes (D:12)
  4 wargs
  25 soldier ants
  14 water moccasins
  12 porcupines
  21 orc warriors
  2 necrophages (D:11)
  3 ice beasts
  4 phantoms
  7 black bears
  5 sky beasts
  40 ogres
  An eye of draining (shapeshifter) (D:15)
  36 wolves
  7 centaurs
  13 crocodiles
  3 big kobolds
  16 bullfrogs
  A wyvern zombie (D:11)
  4 scorpions
  8 killer bees
  A howler monkey (D:6)
  A vampire bat (Lair:1)
  9 wights
  5 electric eels
  8 crimson imps
  3 centaur zombies
  A lava snake (Lair:5)
  2 quasits
  2 bullfrog zombies
  4 hounds
  4 jellies
  A bullfrog skeleton (D:12)
  23 orc priests
  4 centaur skeletons
  Jessica (D:3)
  Ijyb (D:3)
  7 iguanas
  27 orc wizards
  31 worker ants
  2 hound skeletons (D:4)
  Robin (D:3)
  4 gnolls (D:5)
  11 adders
  5 shadow imps
  3 oozes
  An adder skeleton (D:9)
  4 worms
  3 dart slugs
  6 leopard geckos
  102 orcs
  8 giant cockroaches
  16 goblins
  17 hobgoblins
  9 jackals
  5 quokkas
  A ball python (D:4)
  16 bats
  7 frilled lizards
  A jackal zombie (D:8)
  13 kobolds
  8 rats
  A fungus (Lair:6)
935 creatures vanquished.

Vanquished Creatures (collateral kills)
  Josephine (Lair:4)
  An orc (D:11)
2 creatures vanquished.

Vanquished Creatures (others)
  A wolf spider (Spider:2)
  A troll (D:13)
  A tarantella (Spider:3)
  A redback (Spider:1)
  A hog (Spider:2)
  15 fungi
  30 plants
50 creatures vanquished.

Grand Total: 987 creatures vanquished

Notes
Turn   | Place    | Note
-------+----------+-------------------------------------------
     0 | D:1      | KamiKatze the Halfling Berserker began the quest for the
                  | Orb.
     0 | D:1      | Reached XP level 1. HP: 15/15 MP: 1/1
    92 | D:1      | Reached XP level 2. HP: 20/20 MP: 2/2
   430 | D:1      | Reached XP level 3. HP: 25/25 MP: 3/3
   561 | D:1      | Reached skill level 1 in Stealth
   588 | D:1      | Reached ** piety under Trog
  1052 | D:2      | Reached XP level 4. HP: 31/31 MP: 4/4
  1746 | D:3      | Reached XP level 5. HP: 36/36 MP: 5/5
  1812 | D:3      | Reached *** piety under Trog
  1812 | D:3      | Reached skill level 5 in Short Blades
  1857 | D:3      | Noticed Jessica
  1878 | D:3      | Killed Jessica
  2071 | D:3      | Reached XP level 6. HP: 42/42 MP: 6/6
  2084 | D:3      | Noticed Robin
  2156 | D:3      | Killed Robin
  2352 | D:3      | You fall into a shaft and drop 2 floors!
  2352 | D:5      | Entered Level 5 of the Dungeon
  2606 | D:5      | Found a staircase to the Ecumenical Temple.
  2749 | D:4      | Got a glittering ivory ring
  3055 | D:4      | Noticed a phantom
  3093 | D:3      | Noticed Ijyb
  3116 | D:3      | Killed Ijyb
  3116 | D:3      | Reached XP level 7. HP: 47/47 MP: 7/7
  3445 | D:4      | Reached skill level 1 in Long Blades
  3620 | D:4      | Reached **** piety under Trog
  4338 | D:5      | Reached XP level 8. HP: 54/54 MP: 8/8
  5112 | D:5      | Got a smoking kite shield
  5118 | D:5      | Identified the cursed +0 kite shield "Fojutzec" {MR+ Int+5
                  | Dex-4} (You found it on level 5 of the Dungeon)
  5431 | Temple   | Entered the Ecumenical Temple
  5647 | D:6      | Identified the ring "Mischerosm" {Ice MR+ Int+3 SInv} (You
                  | found it on level 4 of the Dungeon)
  5665 | D:6      | Reached skill level 1 in Shields
  5667 | D:6      | Reached skill level 5 in Armour
  5918 | D:5      | Reached XP level 9. HP: 36/59 MP: 9/9
  5961 | D:6      | Noticed Eustachio
  6423 | D:6      | Reached skill level 5 in Dodging
  6430 | D:6      | Killed Eustachio
  6514 | D:6      | Noticed Menkaure
  6555 | D:7      | Noticed peeb's ghost (novice GnTm)
  6612 | D:7      | Noticed a hornet
  6633 | D:7      | Found a transporter.
  6635 | D:7      | Found a transporter.
  6676 | D:7      | Reached skill level 5 in Fighting
  6676 | D:7      | Reached skill level 5 in Long Blades
  7415 | D:7      | Noticed a hippogriff
  7442 | D:7      | Killed a hippogriff
  7524 | D:7      | Found a shattered altar of Ashenzari.
  7528 | D:7      | Saw a vision of the Shoals and the Spider Nest.
  7528 | D:7      | Noticed a merfolk siren
  7528 | D:7      | Noticed a wolf spider
  7528 | D:7      | Noticed a merfolk
  7528 | D:7      | Noticed a merfolk
  7528 | D:7      | Noticed a merfolk
  7528 | D:7      | Noticed a merfolk
  7528 | D:7      | Noticed a merfolk siren
  7529 | D:7      | Noticed a merfolk siren
  7737 | D:8      | Reached XP level 10. HP: 57/66 MP: 10/10
  8075 | D:8      | Reached skill level 5 in Shields
  8093 | D:8      | Found a staircase to the Lair.
  8504 | D:8      | Reached ***** piety under Trog
  8615 | D:8      | You fall into a shaft and drop 3 floors!
  8695 | D:10     | Entered Level 10 of the Dungeon
  8851 | D:10     | Found a roughly hewn altar of Beogh.
  9473 | D:9      | Found Wireohe's Assorted Antiques.
  9477 | D:9      | Bought a wavering jade ring for 95 gold pieces
  9478 | D:9      | Identified the ring of Modesty {Ice Dex+4} (You bought it
                  | in a shop on level 9 of the Dungeon)
 10019 | D:9      | Reached XP level 11. HP: 71/72 MP: 11/11
 11244 | D:11     | Noticed a red ugly thing
 11405 | Lair:1   | Entered Level 1 of the Lair of Beasts
 12301 | Lair:1   | Noticed a six-headed hydra
 12340 | Lair:1   | Killed a six-headed hydra
 12589 | Lair:1   | Reached XP level 12. HP: 68/80 MP: 12/12
 13537 | Lair:1   | Noticed DerDa's ghost (journeyman DEWz)
 13538 | Lair:1   | Found a runed translucent gate.
 13539 | Lair:1   | Found a runed translucent gate.
 13540 | Lair:1   | Found a runed translucent gate.
 13876 | Lair:1   | Noticed Harold
 14031 | Lair:1   | Killed Harold
 14031 | Lair:1   | Reached skill level 10 in Long Blades
 15274 | Lair:2   | Received a gift from Trog
 15613 | Lair:2   | Found a runed translucent door.
 15614 | Lair:2   | Noticed Gabide's ghost (journeyman FeBe)
 15614 | Lair:2   | Noticed a spriggan rider
 15614 | Lair:2   | Identified the +4 trident of the Candle {freeze, rC++ MR++
                  | Str-2}
 15614 | Lair:2   | Noticed a spriggan rider
 16035 | Lair:2   | Found a hole to the Spider Nest.
 16347 | Lair:2   | Reached XP level 13. HP: 73/87 MP: 13/13
 16714 | Lair:3   | Got a polished ring mail
 16730 | Lair:3   | Identified the cursed +0 ring mail "Reginer" {MR+ rCorr
                  | Str-3} (You found it on level 3 of the Lair of Beasts)
 16831 | Lair:3   | Noticed Urug
 16854 | Lair:3   | Killed Urug
 17032 | Lair:3   | Noticed Fannar
 17049 | Lair:3   | Killed Fannar
 17785 | Lair:3   | Noticed a seven-headed hydra
 17802 | Lair:3   | Killed a seven-headed hydra
 18192 | Lair:4   | Reached skill level 10 in Armour
 18199 | Lair:4   | Reached skill level 10 in Shields
 18470 | Lair:4   | Noticed a catoblepas
 18494 | Lair:4   | Killed a catoblepas
 18591 | Lair:4   | Noticed Josephine
 18830 | Lair:4   | Found a staircase to the Shoals.
 19037 | Lair:4   | Received a gift from Trog
 19153 | Lair:4   | Killed Josephine
 19153 | Lair:4   | Reached skill level 10 in Dodging
 19364 | Lair:5   | Noticed an entropy weaver
 19441 | Lair:5   | Reached XP level 14. HP: 94/94 MP: 14/14
 19491 | Lair:5   | Noticed an entropy weaver
 19931 | D:11     | Found a staircase to the Orcish Mines.
 20005 | D:11     | Noticed Nergalle
 20027 | D:11     | Killed Nergalle
 20977 | D:12     | Received a gift from Trog
 22226 | Orc:1    | Entered Level 1 of the Orcish Mines
 22228 | Orc:1    | Noticed an orc warlord
 22516 | D:11     | Killed an orc warlord
 22669 | Orc:2    | Entered Level 2 of the Orcish Mines
 22736 | Orc:2    | Noticed an orc warlord
 22776 | D:11     | Killed an orc warlord
 22996 | Orc:2    | Found a staircase to the Elven Halls.
 23026 | Orc:2    | Noticed Sonja
 23030 | Orc:2    | Killed Sonja
 23030 | Orc:2    | Received a gift from Trog
 23217 | Orc:1    | Found a roughly hewn altar of Beogh.
 23721 | Orc:2    | Reached skill level 1 in Maces & Flails
 23908 | Orc:2    | Reached XP level 15. HP: 101/101 MP: 15/15
 24301 | Orc:2    | Reached skill level 5 in Maces & Flails
 24385 | Orc:1    | Found Myxt's Gadget Boutique.
 25007 | Orc:2    | Found Roxkouk's Food Shoppe.
 25007 | Orc:2    | Found Gewomn's Antique Weapon Boutique.
 25027 | Orc:2    | Found Lips's Jewellery Shoppe.
 25039 | Orc:2    | Found Siomaupn's Assorted Antiques.
 25048 | Orc:2    | Bought a scroll labeled NOENGYU ICIB for 37 gold pieces
 25103 | Orc:2    | Acquired 920 gold pieces
 25136 | Orc:2    | Bought an uncursed ring of resist corrosion for 300 gold
                  | pieces
 25318 | D:13     | Received a gift from Trog
 25344 | D:13     | Found a runed translucent door.
 25344 | D:13     | Noticed Yqoodd's ghost (journeyman GnWr)
 25663 | D:13     | Found a stormy altar of Qazlal.
 25860 | D:13     | Found a gate to the Vaults.
 26965 | D:14     | Noticed Nessos
 27153 | D:14     | Killed Nessos
 27411 | D:15     | Entered Level 15 of the Dungeon
 27690 | D:15     | Reached skill level 10 in Maces & Flails
 27913 | D:15     | Received a gift from Trog
 28153 | D:15     | Reached XP level 16. HP: 105/107 MP: 16/16
 28154 | D:15     | Found a staircase to the Depths.
 30075 | Lair:5   | Found a large runed translucent door.
 30075 | Lair:5   | Found a large runed translucent door.
 30079 | Lair:5   | Noticed Debrof's ghost (journeyman MiBe)
 30294 | Lair:6   | Entered Level 6 of the Lair of Beasts
 30436 | Lair:6   | Received a gift from Trog
 30479 | Lair:6   | Found a staircase to the Slime Pits.
 32156 | Lair:6   | Found the +7 captain's cutlass {speed, disarm}
 32270 | Lair:6   | Got a coiled lead ring
 32272 | Lair:6   | Identified the ring "Vauf" {+Fly rElec rN+ SInv Stlth+}
                  | (You found it on level 6 of the Lair of Beasts)
 32489 | Spider:1 | Entered Level 1 of the Spider Nest
 33450 | Spider:1 | Received a gift from Trog
 33805 | Spider:1 | Reached XP level 17. HP: 108/113 MP: 17/17
 34529 | Spider:2 | Reached skill level 1 in Evocations
 35464 | Spider:2 | Noticed Nikola
 35779 | Spider:2 | Noticed Kirke
 35885 | Spider:1 | Killed Nikola
 36049 | Spider:2 | Killed Kirke
 36918 | Spider:3 | Reached skill level 10 in Fighting
 37004 | Spider:3 | Blown up by an orb spider

Illustrated notes

Levels and vault maps discovered:
D:1:      dpeg_arrival_pits, layout_basic
D:2:      layout_loops_ring
D:3:      layout_basic, minmay_cupped, uniq_jessica, uniq_ijyb, uniq_robin
D:4:      layout_loops_cross, first_ration
D:5:      layout_layer_cave, temple_statues
D:6:      lemuel_ice_spiral_2, layout_rooms, uniq_menkaure, uniq_eustachio
D:7:      layout_basic, gammafunk_ghost_hive, grunt_ashenzari_visionary
          [grunt_ashenzari_visionary_shoals, grunt_ashenzari_visionary_spider]
D:8:      layout_loops_ring, minmay_lair_entry_grove, grunt_ogre_cave
D:9:      layout_gridville, serial_shops, shop, minmay_misc_feat_rows
D:10:     layout_roguey [special_room_orc]
D:11:     layout_gridville, erik_orc_4, uniq_nergalle
D:12:     minmay_the_grid_square_5x5_3x3
          [minmay_the_grid_square_5x5_two_walls_b, minmay_the_grid_square_5x5_n,
          minmay_the_grid_square_5x5_sharp_hourglass,
          minmay_the_grid_square_5x5_three_small,
          minmay_the_grid_square_5x5_megaprize_hollow,
          minmay_the_grid_square_5x5_misaligned,
          minmay_the_grid_square_5x5_n_small,
          minmay_the_grid_square_5x5_shrine2, minmay_the_grid_square_5x5_tie],
          layout_basic
D:13:     layout_loops_ring, david_vaults_1, hellmonk_ghost_happy_afterlife,
          grunt_qazlal_sundering
D:14:     layout_small_grid, kennysheep_decorative_pillar, uniq_nessos
D:15:     hangedman_depths_entry_civil_slaughter, layout_rooms,
          serial_co_window_serial, co_window_of_opportunity_a,
          co_window_corner_a, co_window_paths_a, co_window_corner_a,
          co_window_corner_a, co_window_corner_b, co_window_paths_c,
          co_window_corner_ca, co_window_2corner, co_window_2corner,
          co_window_of_opportunity_c, co_window_broadway_b, co_window_paths_d,
          glass_columns_b, glass_columns_c, glass_columns_a
Temple:   kilobyte_greek_temple
Lair:1:   layout_cave_pods, ebering_ghost_rock_garden, roderic_batcave,
          grunt_forest_large_clearings, uniq_harold
Lair:2:   layout_cellular_growth, spider_nest_entry_webs,
          ebering_ghost_funeral_grove
Lair:3:   layout_gridlike, uniq_fannar, uniq_urug
Lair:4:   layout_gridlike, elwin_shoals_entry_stream, uniq_josephine
Lair:5:   layout_gridlike, ebering_ghost_disaster_area, minivault_29,
          lemuel_fruit_tree
Lair:6:   gammafunk_lair_ancient_temple, layout_layer_cave,
          minmay_slime_entry_oklob_open, minmay_lair_oklob_chamber
Spider:1: layout_spider_delve
Spider:2: layout_spider_delve, uniq_kirke, uniq_nikola
Spider:3: layout_spider_delve
Orc:1:    layout_diamond_mine, serial_shops, shop, mines1_david
Orc:2:    st_orc_ogre_mass, layout_caves, statue_in_the_mist_lemuel, uniq_sonja

Skill      XL: |  1  2  3  4  5  6  7  8  9 10 11 12 13 14 15 16 17 |
---------------+----------------------------------------------------+-----
Short Blades   | 4 5 6 7 8 |  8.7
Stealth        | 1 2 4 |  4.0
Fighting       | 3 4 5 6 7 8 9 10 | 10.0
Armour         | 3 4 5 6 8 9 10 11 | 11.5
Dodging        | 3 4 5 6 7 9 10 11 | 11.3
Long Blades    | 2 4 5 7 9 10 12 13 | 13.6
Shields        | 1 4 6 8 9 10 11 | 11.5
Maces & Flails | 3 10 13 | 13.9
Evocations     | 2 |  2.0
Spellcasting   | |  0.1

Action                   |  1- 3 |  4- 6 |  7- 9 | 10-12 | 13-15 | 16-18 || total
-------------------------+-------+-------+-------+-------+-------+-------++-------
Melee: Short sword       |   119 |   319 |   376 |       |       |       ||   814
       Falchion          |       |       |   175 |   562 |       |       ||   737
       Long sword        |       |       |     3 |   400 |       |       ||   403
       Morningstar       |       |       |       |     9 |     1 |       ||    10
       Scimitar          |       |       |       |    25 |  1605 |  1209 ||  2839
       Eveningstar       |       |       |       |       |     6 |       ||     6
Throw: Stone             |       |    14 |    24 |       |     1 |     1 ||    40
       Dart              |       |       |       |     7 |    37 |    61 ||   105
       Boomerang         |       |       |       |       |     4 |       ||     4
Invok: Berserk           |       |     6 |     6 |    12 |     6 |     6 ||    36
       Trog's Hand       |       |     2 |       |     5 |     8 |     7 ||    22
       Brothers in Arms  |       |       |       |       |     1 |       ||     1
Evoke: Wand              |       |       |       |       |    26 |     1 ||    27
  Use: Scroll            |       |     5 |     4 |    16 |     9 |     1 ||    35
       Potion            |       |       |       |       |       |     3 ||     3
 Stab: Sleeping          |     2 |       |       |     2 |       |       ||     4
  Eat: Chunk             |     1 |    11 |    16 |    35 |    42 |    28 ||   133
       Ration            |       |       |     2 |     2 |     2 |     3 ||     9
Armor: Animal skin       |    10 |       |       |       |       |       ||    10
       Ring mail         |    10 |    82 |   112 |    48 |       |       ||   252
       Scale mail        |       |       |       |   227 |   109 |       ||   336
       Plate armour      |       |       |       |       |   158 |   327 ||   485
Dodge: Dodged            |    77 |   143 |   264 |   671 |   668 |   549 ||  2372
Block: Other             |     2 |    64 |    80 |    66 |       |       ||   212
       Reflection        |       |     1 |       |     6 |    34 |     9 ||    50
       Kite shield       |       |       |    19 |       |       |       ||    19
       Buckler           |       |       |       |   477 |   878 |   869 ||  2224
       Rpst.: Falchion   |       |       |    41 |   127 |       |       ||   168
       Long sword        |       |       |     1 |    62 |       |       ||    63
       Scimitar          |       |       |       |     4 |   175 |   102 ||   281
